 Dungeon Crawl Stone Soup version 0.31.0-9-g3a7656b989 (webtiles) character file.

Game seed: 2912742733464782532

174 Couri the Trooper (level 5, 0/57 HPs)
             Began as an Oni Warper on Feb 5, 2024.
             Slain by an iguana (4 damage)
             ... on level 4 of the Dungeon.
             The game lasted 00:08:29 (2667 turns).

Couri the Trooper (Oni Warper)                      Turns: 2667, Time: 00:08:30

Health: 0/57       AC:  3    Str: 17    XL:     5   Next: 54%
Magic:  8/8        EV:  9    Int: 14    God:
Gold:   21         SH:  5    Dex:  8    Spells: 9/9 levels left

rFire   . . .        f - +0 morningstar
rCold   . . .        (no shield)
rNeg    . . .        b - +0 robe
rPois   .            (helmet restricted)
rElec   .            (no cloak)
rCorr   .            (gloves unavailable)
SInv    .            (boots unavailable)
Will    .....        i - amulet of reflection
Stlth   +            (no ring)
HPRegen 0.29/turn    (no ring)
MPRegen 0.11/turn

%: reflection
@: no status effects
A: large, unfitting armour, horns 1, tough skin 1, double potion healing,
drunken brawling
a: no special abilities


You were on level 4 of the Dungeon.
You visited 1 branch of the dungeon, and saw 4 of its levels.

You collected 69 gold pieces.
You spent 48 gold pieces at shops.

Inventory:

Hand Weapons
 a - a +0 mace
 f - a +0 morningstar (weapon)
 p - a +1 great sword of electrocution
Missiles
 d - 7 darts of dispersal (quivered)
 k - 9 poisoned darts
 o - 2 javelins
Armour
 b - a +0 robe (worn)
Jewellery
 i - an amulet of reflection (around neck)
 j - a ring of protection from cold
 m - a +4 ring of protection
Wands
 l - a wand of mindburst (14)
Scrolls
 c - a scroll of blinking
 e - 2 scrolls of fear
 h - a scroll of amnesia {unknown}
 n - a scroll of revelation
 q - a scroll of enchant weapon
 r - a scroll of silence
 s - a scroll of butterflies {unknown}
 t - a scroll of identify


   Skills:
 * Level 5.0 Fighting
 * Level 3.6 Maces & Flails
 - Level 1.1 Throwing
 + Level 1.6 Armour
 - Level 2.2 Dodging
 - Level 2.5 Spellcasting
 - Level 2.7 Translocations


You had 9 spell levels left.
You didn't know any spells.
Your spell library contained the following spells:

 Spells                   Type           Power      Damage    Failure   Level
 Blink                    Tloc           18%        N/A       11%         2
 Lesser Beckoning         Tloc           18%        N/A       11%         2
 Slow                     Hex            4%         N/A       22%         1
 Teleport Other           Tloc           9%         N/A       22%         3
 Confusing Touch          Hex            1%         N/A       56%         3
 Sigil of Binding         Hex            1%         N/A       56%         3
 Vampiric Draining        Necr           1%         2d6       56%         3
 Manifold Assault         Tloc           9%         N/A       56%         4
 Vhi's Electric Charge    Tloc/Air       10%        N/A       77%         4


Dungeon Overview and Level Annotations

Branches:
Dungeon (4/15)
 Temple: D:4-7

Altars:
Dithmenos

Shops:
D:1 *   D:3 *=!*(

Annotations:
D:2 1 exclusion, Sigmund


Innate Abilities, Weirdness & Mutations

You are too large for most types of armour.
You have a pair of small horns on your head.
You have tough skin. (AC +1)
You gain doubled healing and magic from potions.
Whenever you drink a healing potion, you attack all around you.


Message History

You hit the iguana.
The iguana is moderately wounded.
The ball python bites you. The iguana barely misses you.
The ball python barely misses you. You block the iguana's attack.
The iguana bites you but does no damage.
The ball python barely misses you. The iguana bites you.
The ball python attacks as it pursues you!
The ball python bites you.
The ball python bites you but does no damage.
You barely miss the ball python. You headbutt the ball python.
You kill the ball python!
You hit the iguana.
The iguana is severely wounded.
The iguana bites you! x2
You barely miss the iguana.
The iguana is severely wounded.
You block the iguana's attack.
You barely miss the iguana.
The iguana is severely wounded.
The iguana barely misses you.
You hit the iguana but do no damage.
The iguana is severely wounded.
The iguana bites you. The iguana bites you!
* * * LOW HITPOINT WARNING * * *
You closely miss the iguana. You headbutt the iguana.
The iguana is almost dead.
The iguana closely misses you.
You closely miss the iguana.
You headbutt the iguana, but do no damage.
The iguana is almost dead.
The iguana bites you.
* * * LOW HITPOINT WARNING * * *
You barely miss the iguana.
The iguana is almost dead.
The iguana bites you!
* * * LOW HITPOINT WARNING * * *
The iguana bites you.
You die...

##### ##$..# ....#
#...######
#....!.... #..#
######..#########.
........l@<.......
######..#########.
#..# #... #.## #$
#. #.


You could see an iguana.

Vanquished Creatures
  An orc priest (D:3)
  2 orc wizards (D:3)
  2 adders (D:3)
  A ribbon worm (D:2)
  A dart slug (D:1)
  3 orcs (D:3)
  6 bats
  8 endoplasms
  6 giant cockroaches
  8 goblins
  6 hobgoblins
  2 jackals (D:1)
  4 kobolds
  3 quokkas
  3 ball pythons
  3 rats
59 creatures vanquished.

Notes
Turn   | Place    | Note
-------+----------+-------------------------------------------
     0 | D:1      | Couri the Oni Warper began the quest for the Orb.
     0 | D:1      | Reached XP level 1. HP: 22/22 MP: 3/3
    55 | D:1      | Reached XP level 2. HP: 10/29 MP: 5/5
   180 | D:1      | Reached skill level 3 in Fighting
   184 | D:1      | Found a faded altar of an unknown god.
   420 | D:1      | Reached XP level 3. HP: 35/37 MP: 6/6
   538 | D:1      | Found Sovy's General Store.
   797 | D:1      | Bought a scroll of identify for 20 gold pieces
  1111 | D:2      | Noticed Sigmund
  1529 | D:3      | Reached skill level 4 in Fighting
  1529 | D:3      | Reached skill level 1 in Armour
  1529 | D:3      | Reached XP level 4. HP: 47/48 MP: 7/7
  1540 | D:3      | Found Hiulopn's Jewellery Boutique.
  1581 | D:3      | Found Suprei Sulo's Weapon Boutique.
  1641 | D:3      | Found a shadowy altar of Dithmenos.
  1811 | D:3      | Identified the +7 hand axe of Accord {speed, rPois Dex+5}
  1876 | D:3      | Found Xiydus's Distillery.
  1893 | D:3      | Found Zympaq's General Store.
  1901 | D:3      | Bought a scroll of identify for 28 gold pieces
  1952 | D:3      | Found Kiofoc's Assorted Antiques.
  2224 | D:3      | Reached XP level 5. HP: 50/55 MP: 8/8
  2340 | D:3      | Reached skill level 5 in Fighting
  2667 | D:4      | Slain by an iguana

Illustrated notes

Levels and vault maps discovered:
D:1:      beargit_arrival_greenhouse, layout_basic,
          shapermc_ecumenical_altar_ellora, serial_shops,
          nicolae_shop_peninsula, hangedman_feature_mirror,
          minmay_worlds_worst_comb
D:2:      layout_basic, uniq_crazy_yiuf_cottage, uniq_jessica, uniq_robin,
          uniq_sigmund
D:3:      layout_loops_ring, overflow_temple_1_default, serial_shops, shop,
          shop, shop, nicolae_shop_tiny_glass, shop, nicolae_underground_beach
D:4:      layout_loops_ring, cheibriados_altar_1,
          chequers_temple_overflow_minitemple, serial_shops, shop,
          nicolae_shop_self_help

Skill      XL: |  1  2  3  4  5 |
---------------+----------------+-----
Fighting       | 3 4 5 |  5.0
Maces & Flails | 3 |  3.6
Armour         | 1 |  1.6
Throwing       | |  1.1
Dodging        | |  2.2
Spellcasting   | |  2.5
Translocations | |  2.7

Action                     |  1- 3 |  4- 6 || total
---------------------------+-------+-------++-------
  Melee: Mace              |    49 |       ||    49
         Headbutt          |    15 |    12 ||    27
         Morningstar       |    72 |    74 ||   146
    Use: Potion            |     1 |     2 ||     3
         Scroll            |       |     4 ||     4
 Armour: Robe              |   122 |    73 ||   195
  Dodge: Dodged            |    53 |    25 ||    78
  Block: Other             |     6 |    18 ||    24
         Reflection        |       |     2 ||     2
